Map: Frost LE

Players

Neeb - Winner!

  • Race: Protoss Protoss

iaguz

  • Race: Terran Terran

Event: WCS Copa Intercontinental

VOD

Have the link to the VOD?

Description

Time

  • Played on: Sept. 10, 2016, 8:07 p.m.
  • Length: 8:06

All games in this series

Show
View Real Time Build Order
Export as new Build Order

Neeb Protoss - Winner!

Build Orders: 1 Gate Expand, Blink Stalkers 

Get SALT Encoding   

  12  0:01  Probe (Chrono Boost)  
  13  0:11  Probe (Chrono Boost)  
  14  0:17  Pylon  
  14  0:22  Probe (Chrono Boost)  
  15  0:36  Gateway, Probe (Chrono Boost)  
  16  0:46  Probe (Chrono Boost)  
  16  0:47  Assimilator  
  18  0:57  Probe (Chrono Boost)  
  18  1:07  Probe (Chrono Boost)  
  19  1:18  Nexus  
  19  1:22  Probe (Chrono Boost)  
  20  1:31  Cybernetics Core  
  20  1:34  Probe (Chrono Boost)  
  21  1:40  Assimilator  
  21  1:45  Probe (Chrono Boost)  
  22  1:49  Pylon  
  22  1:55  Probe (Chrono Boost)  
  23  2:04  Adept  
  26  2:08  Warp Gate  
  26  2:09  Probe (Chrono Boost)  
  26  2:22  Mothership Core (Chrono Boost)  
  28  2:30  Probe (Chrono Boost)  
  28  2:31  Adept  
  30  2:40  Probe (Chrono Boost)  
  30  2:41  Probe (Chrono Boost)  
  32  2:48  Robotics Facility  
  32  2:51  Probe x2 (Chrono Boost)  
  34  3:01  Probe (Chrono Boost)  
  34  3:02  Probe (Chrono Boost)  
  34  3:03  Twilight Council  
  36  3:12  Probe (Chrono Boost)  
  38  3:13  Probe (Chrono Boost)  
  38  3:22  Probe (Chrono Boost)  
  38  3:23  Probe (Chrono Boost)  
  38  3:25  Gateway  
  40  3:28  Gateway  
  40  3:33  Probe (Chrono Boost)  
  40  3:34  Blink, Probe (Chrono Boost)  
  42  3:37  Observer  
  42  3:38  Pylon  
  43  3:44  Assimilator, Probe (Chrono Boost)  
  43  3:46  Probe (Chrono Boost)  
  46  3:56  Pylon, Probe (Chrono Boost)  
  46  3:57  Observer  
  46  3:59  Probe (Chrono Boost)  
  46  4:02  Pylon  
  48  4:08  Probe (Chrono Boost)  
  50  4:11  Probe (Chrono Boost)  
  50  4:17  Stalker  
  50  4:20  Stalker  
  50  4:22  Stalker  
  58  4:25  Probe x2 (Chrono Boost)  
  58  4:27  Pylon  
  58  4:43  Pylon  
  58  4:46  Nexus  
  58  4:49  Stalker  
  58  4:51  Stalker  
  62  4:55  Immortal  
  62  5:01  Sentry  
  62  5:04  Probe x2 (Chrono Boost)  
  62  5:06  Assimilator  
  70  5:10  Forge  
  64  5:25  Probe (Chrono Boost)  
  64  5:26  Probe (Chrono Boost)  
  66  5:32  Gateway x2  
  66  5:36  Protoss Ground Weapons Level 1  
  66  5:37  Sentry, Probe (Chrono Boost)  
  66  5:38  Probe (Chrono Boost)  
  66  5:39  Resonating Glaives  
  70  5:45  Warp Prism  
  70  5:49  Probe (Chrono Boost)  
  74  5:50  Probe (Chrono Boost)  
  74  5:57  Gateway  
  74  6:00  Probe (Chrono Boost)  
  74  6:02  Probe (Chrono Boost)  
  77  6:04  Probe (Chrono Boost)  
  77  6:05  Adept  
  77  6:06  Sentry  
  81  6:13  Gateway  
  78  6:19  Stalker  
  78  6:20  Probe (Chrono Boost)  
  78  6:21  Probe x2 (Chrono Boost)  
  83  6:28  Immortal  
  83  6:31  Probe (Chrono Boost)  
  88  6:41  Adept x4  
  88  6:46  Pylon  
  96  6:51  Pylon  
  96  6:56  Adept x2  
  96  7:01  Pylon  
  98  7:14  Stalker x2  
  98  7:15  Stalker x3  
  102  7:30  Adept x2  
  102  7:32  Probe (Chrono Boost)  
  102  7:33  Probe x2 (Chrono Boost)  
  109  7:37  Adept x2  
  109  7:38  Adept x3  
Show
View Real Time Build Order
Export as new Build Order

iaguz Terran 

Build Orders: Liberator Opening, Reaper Expand 

Get SALT Encoding   

  12  0:00  SCV  
  13  0:12  SCV  
  14  0:17  Supply Depot  
  14  0:25  SCV  
  14  0:27  Refinery  
  15  0:39  SCV  
  16  0:44  Barracks  
  16  0:51  SCV  
  17  1:03  SCV  
  18  1:15  SCV  
  19  1:31  Orbital Command  
  19  1:32  Reaper  
  20  1:44  Command Center  
  20  1:56  Factory  
  20  2:00  SCV  
  21  2:05  Barracks Reactor  
  21  2:10  Supply Depot  
  21  2:13  SCV  
  22  2:25  SCV  
  22  2:27  Refinery  
  23  2:39  SCV  
  23  2:41  Marine x2  
  23  2:43  Starport  
  25  2:51  SCV  
  26  2:52  Widow Mine  
  26  2:56  Orbital Command  
  28  2:59  Marine  
  28  3:00  Marine  
  28  3:04  SCV  
  31  3:16  SCV  
  31  3:17  Marine  
  31  3:18  Marine  
  34  3:25  SCV, Widow Mine  
  37  3:27  Medivac  
  37  3:28  SCV  
  37  3:32  Supply Depot  
  40  3:36  Marine x2  
  40  3:38  SCV  
  43  3:42  Liberator  
  43  3:43  SCV  
  44  3:50  SCV  
  44  3:55  SCV, Factory Tech Lab  
  46  3:57  Marine x2  
  46  4:02  SCV  
  52  4:07  Barracks, SCV  
  52  4:08  Engineering Bay  
  53  4:14  SCV  
  54  4:17  Supply Depot  
  54  4:18  Supply Depot  
  54  4:39  SCV x2, Siege Tank, Marine x2  
  61  4:46  Medivac  
  61  4:48  Supply Depot  
  61  4:49  Supply Depot  
  61  4:51  SCV x2  
  64  4:56  Marine  
  64  4:58  Barracks Tech Lab, Marine  
  66  5:00  Terran Infantry Weapons Level 1  
  66  5:03  SCV x2  
  66  5:06  Refinery  
  67  5:15  SCV x2  
  69  5:25  Marine x3  
  69  5:27  SCV x2, Stimpack  
  65  5:35  Supply Depot  
  63  5:37  Medivac  
  63  5:40  Barracks  
  67  5:43  Marine  
  67  5:45  Siege Tank  
  67  5:49  Command Center  
  69  5:52  Supply Depot  
  69  5:54  Marine x2  
  71  6:02  SCV x2  
  71  6:03  Barracks  
  73  6:04  Barracks  
  73  6:08  Marine  
  73  6:09  Starport Reactor  
  74  6:14  SCV  
  74  6:17  SCV  
  74  6:27  Marauder, Refinery  
  74  6:28  Factory Reactor  
  74  6:38  SCV, Marine x2  
  77  6:45  SCV  
  77  6:46  Medivac  
  77  6:47  Medivac, Supply Depot  
  80  6:48  Marine  
  80  6:50  SCV  
  80  6:54  Barracks Tech Lab, Barracks Reactor  
  82  6:56  Marauder  
  82  6:57  SCV  
  85  7:01  Marine x2  
  85  7:02  SCV  
  88  7:14  SCV x2  
  80  7:21  Widow Mine, Marine x3  
  80  7:22  Medivac x2, Widow Mine, Marauder  
  90  7:25  Marauder  
  90  7:26  SCV  
  90  7:27  SCV  
  91  7:31  Marine x2  
  92  7:39  Marine x2  
  92  7:40  Marauder  
  92  7:42  Marine  
  94  7:45  Marine  
Tags
 
Add a new tag
Caveats
  • Supply blocks, unpowered buildings, or Contaminate may cause inaccurate times.
  • Supply counts are checked every 10 seconds.